 Dungeon Crawl Stone Soup version 0.25.1-11-g244df3a29b (webtiles) character file.

Game seed: 8609064177108582027

30 DeepDeath the Vexing (level 3, 0/26 HPs)
             Began as a Hill Orc Enchanter on Jan 3, 2024.
             Succumbed to an adder's poison
             ... on level 2 of the Dungeon.
             The game lasted 00:06:15 (1698 turns).

DeepDeath the Vexing (Hill Orc Enchanter)           Turns: 1698, Time: 00:06:16

Health: 0/26       AC:  3    Str:  9 (11) XL:     3   Next: 20%
Magic:  2/5        EV: 12    Int: 12 (15) God:
Gold:   98         SH:  0    Dex: 11      Spells: 4/5 levels left

rFire    + . .     SeeInvis .   a - +1 dagger
rCold    + . .     Gourm    .   (no shield)
rNeg     . . .     Faith    .   b - +0 robe
rPois    +         Spirit   .   (no helmet)
rElec    +         Reflect  .   (no cloak)
rCorr    +         Harm     .   (no gloves)
MR       .....                  m - +0 pair of boots
Stlth    ++........             (no amulet)
HPRegen  0.08/turn              (no ring)
MPRegen  0.09/turn              (no ring)

@: lethally poisoned (0 -> -6), resistant
A: no striking features
a: no special abilities


You were on level 2 of the Dungeon.
You were not hungry.

You visited 1 branch of the dungeon, and saw 2 of its levels.

You collected 98 gold pieces.

Inventory:

Hand Weapons
 a - a +1 dagger (weapon)
 j - a +0 hand axe
 l - a +0 short sword
Missiles
 g - 36 stones (quivered)
 Z - 6 curare-tipped darts
Armour
 b - a +0 robe (worn)
 m - a +0 pair of boots (worn)
Scrolls
 e - a scroll of amnesia
 f - 2 scrolls of remove curse
 h - 2 scrolls of identify
Potions
 c - a potion of cancellation
 k - a potion of mutation
Comestibles
 d - 2 rations
 n - a chunk of flesh


   Skills:
 - Level 2.0 Short Blades
 * Level 1.2 Axes
 + Level 0.1 Throwing
 - Level 1.5 Dodging
 - Level 2.4 Stealth
 + Level 1.9 Spellcasting
 + Level 3.2 Hexes


You had 4 spell levels left.
You knew the following spells:

 Your Spells              Type           Power        Failure   Level  Hunger
c - Corona                Hex            #......      7%          1    ##.....

Your spell library contained the following spells:

 Spells                   Type           Power        Failure   Level  Hunger
 Ensorcelled Hibernation  Hex/Ice        #.....       22%         2    ###....
 Confusing Touch          Hex            #.......     22%         3    ####...
 Tukima's Dance           Hex            #.......     22%         3    ####...
 Dazzling Flash           Conj/Hex       #.....       38%         3    ####...


Dungeon Overview and Level Annotations

Branches:
Dungeon (2/15)

Altars:
Dithmenos


Message History

The adder is moderately wounded.
* * * LOW HITPOINT WARNING * * *
You feel sick. The adder bites you.
* * * LOW HITPOINT WARNING * * *
Unknown command.
Unknown command.
Unknown command.
Unknown command.
Unknown command.
Fire/throw which item? (* to show all) (? for menu, Esc to quit)
Throwing (i - inventory. (/) - cycle)
g - 36 stones (quivered)
Press: ? - help, Shift-Dir - straight line, f - adder
Aim: an adder (moderately wounded)
You throw a curare-tipped dart. The curare-tipped dart hits the adder.
The adder is poisoned.
The adder convulses.
The adder seems to slow down.
The adder is severely wounded.
The adder bites you.
* * * LOW HITPOINT WARNING * * *
Unknown command.
You die...

..........# #'# ......# #.##
###'### ......# #..###.....#
......# #..........# ...#
#..........# ...#
###..........#
...####...#..#.....#
#####§§...##.#.)...# .#
#.§§§.##..##@### .#
#.....###.##.# S# #.....#
#.##S# .# #####.###..#.#####
.#####............##.#
..................##.########
.................>...........
................>.##.........
..................##.........


You could see an adder (very poisoned, slow).

Vanquished Creatures
  An ooze (D:2)
  2 dart slugs (D:1)
  4 bats
  A giant cockroach (D:1)
  3 goblins (D:1)
  2 hobgoblins (D:1)
  2 jackals (D:1)
  A quokka (D:2)
  A frilled lizard (D:1)
  A kobold (D:1)
  4 rats (D:1)
22 creatures vanquished.

Notes
Turn   | Place    | Note
-------+----------+-------------------------------------------
     0 | D:1      | DeepDeath the Hill Orc Enchanter began the quest for the
                  | Orb.
     0 | D:1      | Reached XP level 1. HP: 14/14 MP: 3/3
   280 | D:1      | Reached XP level 2. HP: 5/20 MP: 4/4
  1243 | D:2      | Reached XP level 3. HP: 25/26 MP: 5/5
  1553 | D:2      | Reached skill level 1 in Axes
  1565 | D:2      | Found a faded altar of an unknown god.
  1628 | D:2      | Found a shadowy altar of Dithmenos.
  1697 | D:2      | HP: 1/26 [adder (2)]
  1698 | D:2      | Succumbed to an adder's poison

Illustrated notes

Levels and vault maps discovered:
D:1:      saegor_arrival_simple_c, layout_basic
D:2:      layout_basic, grunt_dithmenos_smoke, chequers_ecumenical_altar_simple

Skill      XL: |  1  2  3 |
---------------+----------+-----
Short Blades   | 2 |  2.0
Axes           | 1 |  1.2
Throwing       | |  0.1
Dodging        | |  1.5
Stealth        | |  2.4
Spellcasting   | |  1.9
Hexes          | |  3.2

Action                   || total
-------------------------++-------
Melee: Dagger            ||   120
Throw: Stone             ||    23
       Dart              ||     1
 Cast: Corona            ||    30
  Use: Potion            ||     2
       Scroll            ||     7
  Eat: Chunk             ||     3
Armor: Robe              ||    33
Dodge: Dodged            ||    83
